[ AOE2 MATCH · #507172489 ]
UnrankedEthiopians vs Malians
Player's team · LOSS
Rival team · WIN
[ REPLAY ANALYSIS · EXTRACTED FROM THE RECORDED GAME ]
Feudal
9:20
Castle
—
Imperial
—
| APM avg | 34.7 |
| APM peak | 68 |
| eAPM avg | 12.1 |
| Villagers / military | 33 / 12 |
Focus
⚔️ 24.4% · 🌾 75.6%
Archer ×8 · Scout Cavalry ×2 · Spearman ×1 · Skirmisher ×1
Feudal
10:40
Castle
—
Imperial
—
| APM avg | 63.9 |
| APM peak | 93 |
| eAPM avg | 19.4 |
| Villagers / military | 33 / 20 |
Focus
⚔️ 29.0% · 🌾 71.0%
Militia ×12 · Skirmisher ×7 · Archer ×1
Match map
Initial resources + every placement click. Lines = walls · curves = elevation contours. ◆ gold · ⬟ stone · ● berries · ✦ relic · ◌ wall gap
Your base· Open — unwalled flank
Kraken's base· Open — unwalled flank
Smoothed initial terrain · ◌ = detected wall gap · hover for details
Inputs per minute
— Bidello - - Kraken
Build order — Bidello
84 actions detected in the replay
| 0:01 | Queue | Villager (Male) ×4 |
| 0:03 | Build | House |
| 0:05 | Build | House |
| 1:34 | Queue | Villager (Male) |
| 2:06 | Queue | Villager (Male) |
| 2:11 | Build | Lumber Camp |
| 2:23 | Queue | Villager (Male) |
| 2:54 | Queue | Villager (Male) |
| 3:16 | Queue | Villager (Male) |
| 3:46 | Queue | Villager (Male) |
| 3:56 | Build | House |
| 4:02 | Queue | Villager (Male) |
| 4:15 | Build | Mill |
| 4:20 | Queue | Villager (Male) |
| 4:55 | Queue | Villager (Male) |
| 5:11 | Queue | Villager (Male) |
| 5:46 | Queue | Villager (Male) |
| 6:04 | Queue | Villager (Male) |
| 6:19 | Research | Loom |
| 6:38 | Build | House |
| 7:10 | Research | Feudal Age |
| 7:10 | Research | Feudal Age |
| 7:33 | Build | Mining Camp |
| 8:06 | Build | Barracks |
| 8:42 | Queue | Villager (Male) |
| 8:44 | Queue | Villager (Male) |
| 9:20 | Age | Feudal Age |
| 9:28 | Build | Archery Range |
| 9:51 | Queue | Villager (Male) |
| 9:52 | Research | Double-Bit Axe |
| 10:16 | Queue | Spearman |
| 10:17 | Queue | Archer |
| 10:19 | Queue | Villager (Male) |
| 10:24 | Build | House |
| 10:29 | Build | Palisade Wall |
| 10:47 | Queue | Villager (Male) |
| 10:55 | Queue | Archer |
| 11:06 | Build | House |
| 11:07 | Build | House |
| 11:17 | Queue | Archer |
| 11:23 | Research | Horse Collar |
| 11:34 | Queue | Villager (Male) |
| 11:43 | Build | Palisade Gate |
| 11:47 | Build | Palisade Wall |
| 12:00 | Build | Palisade Wall |
| 12:09 | Build | House |
| 12:13 | Build | Palisade Wall |
| 12:16 | Build | Palisade Wall |
| 12:23 | Queue | Villager (Male) |
| 12:31 | Build | Farm |
| 12:32 | Build | Farm |
| 12:42 | Queue | Villager (Male) |
| 12:51 | Queue | Villager (Male) |
| 12:54 | Queue | Archer |
| 13:20 | Queue | Skirmisher |
| 13:31 | Build | Blacksmith |
| 14:06 | Queue | Villager (Male) |
| 14:10 | Queue | Archer |
| 14:12 | Queue | Villager (Male) |
| 14:12 | Queue | Villager (Male) |
| 14:15 | Build | Farm |
| 14:16 | Build | Farm |
| 14:16 | Build | Farm |
| 14:24 | Build | Palisade Wall |
| 14:26 | Build | Farm |
| 14:28 | Research | Fletching |
| 14:37 | Queue | Villager (Male) |
| 14:51 | Build | Lumber Camp |
| 15:40 | Queue | Archer |
| 15:42 | Research | Padded Archer Armor |
| 15:53 | Queue | Archer |
| 15:57 | Build | Stable |
| 16:22 | Queue | Villager (Male) |
| 16:23 | Queue | Villager (Male) |
| 16:24 | Queue | Archer |
| 16:28 | Build | Farm |
| 16:28 | Build | Farm |
| 16:32 | Build | Farm |
| 16:33 | Build | Farm |
| 16:33 | Build | Farm |
| 16:54 | Queue | Scout Cavalry |
| 16:54 | Queue | Scout Cavalry |
| 16:56 | Queue | Villager (Male) |
| 17:18 | Queue | Villager (Male) |
Build order — Kraken
99 actions detected in the replay
| 0:00 | Queue | Villager (Male) |
| 0:01 | Queue | Villager (Male) |
| 0:02 | Build | House |
| 0:04 | Build | House |
| 0:13 | Queue | Villager (Male) |
| 0:14 | Queue | Villager (Male) |
| 1:34 | Queue | Villager (Male) |
| 1:34 | Queue | Villager (Male) |
| 1:53 | Build | Lumber Camp |
| 2:08 | Queue | Villager (Male) |
| 2:08 | Queue | Villager (Male) |
| 2:15 | Queue | Villager (Male) |
| 2:55 | Queue | Villager (Male) |
| 3:13 | Queue | Villager (Male) |
| 3:41 | Queue | Villager (Male) |
| 3:55 | Build | House |
| 4:02 | Queue | Villager (Male) |
| 4:19 | Build | Mill |
| 4:39 | Queue | Villager (Male) |
| 4:40 | Queue | Villager (Male) |
| 4:56 | Research | Loom |
| 5:12 | Queue | Villager (Male) |
| 5:31 | Build | House |
| 6:06 | Queue | Villager (Male) |
| 6:28 | Build | Barracks |
| 6:34 | Queue | Villager (Male) |
| 6:59 | Queue | Villager (Male) |
| 7:27 | Queue | Villager (Male) |
| 7:34 | Queue | Militia |
| 7:35 | Queue | Militia |
| 7:44 | Queue | Militia |
| 7:44 | Queue | Militia |
| 8:05 | Queue | Villager (Male) |
| 8:10 | Build | House |
| 8:11 | Build | Palisade Wall |
| 8:25 | Research | Feudal Age |
| 9:17 | Queue | Militia |
| 9:39 | Queue | Villager (Male) |
| 9:53 | Build | Farm |
| 9:55 | Build | Farm |
| 9:58 | Build | Mining Camp |
| 10:32 | Queue | Villager (Male) |
| 10:40 | Age | Feudal Age |
| 10:46 | Build | Archery Range |
| 10:51 | Research | Man-at-Arms (upgrade) |
| 11:04 | Build | Farm |
| 11:08 | Build | Farm |
| 11:13 | Build | House |
| 11:14 | Build | House |
| 11:21 | Queue | Militia |
| 11:31 | Build | House |
| 11:32 | Build | House |
| 11:41 | Queue | Villager (Male) |
| 11:41 | Queue | Villager (Male) |
| 12:07 | Queue | Militia |
| 12:13 | Queue | Villager (Male) |
| 12:17 | Build | Blacksmith |
| 12:21 | Build | Palisade Wall |
| 12:26 | Queue | Villager (Male) |
| 12:35 | Queue | Militia |
| 12:40 | Queue | Villager (Male) |
| 12:48 | Build | Farm |
| 12:51 | Build | Farm |
| 12:54 | Build | Farm |
| 12:59 | Build | House |
| 13:00 | Build | Palisade Wall |
| 13:09 | Queue | Skirmisher |
| 13:25 | Research | Double-Bit Axe |
| 13:28 | Queue | Skirmisher |
| 14:03 | Queue | Villager (Male) |
| 14:04 | Queue | Villager (Male) |
| 14:14 | Queue | Skirmisher |
| 14:27 | Build | Barracks |
| 14:36 | Build | Palisade Wall |
| 14:38 | Queue | Villager (Male) |
| 14:41 | Build | Farm |
| 14:46 | Research | Scale Mail Armor |
| 15:23 | Queue | Militia |
| 15:23 | Queue | Militia |
| 15:30 | Queue | Skirmisher |
| 15:30 | Queue | Skirmisher |
| 15:53 | Build | Archery Range |
| 15:54 | Queue | Villager (Male) |
| 15:54 | Queue | Villager (Male) |
| 15:58 | Build | Farm |
| 15:59 | Build | Farm |
| 16:16 | Build | Palisade Wall |
| 16:20 | Research | Arson |
| 16:40 | Build | Farm |
| 16:43 | Research | Horse Collar |
| 17:03 | Queue | Skirmisher |
| 17:03 | Queue | Skirmisher |
| 17:06 | Queue | Militia |
| 17:06 | Queue | Militia |
| 17:13 | Build | Farm |
| 17:13 | Build | Farm |
| 17:13 | Build | Farm |
| 17:14 | Build | Farm |
| 17:26 | Queue | Archer |
Match timeline
| 6:28 | Kraken · first_building Barracks |
| 8:06 | Bidello · first_building Barracks |
| 8:11 | Kraken · wall_segment Palisade Wall x1 |
| 9:20 | Bidello · age_up feudal |
| 9:28 | Bidello · first_building Archery Range |
| 10:29 | Bidello · wall_segment Palisade Wall x16 |
| 10:40 | Kraken · age_up feudal |
| 10:46 | Kraken · first_building Archery Range |
| 11:47 | Bidello · wall_segment Palisade Wall x2 |
| 12:00 | Bidello · wall_segment Palisade Wall x2 |
| 12:13 | Bidello · wall_segment Palisade Wall x6 |
| 12:16 | Bidello · wall_segment Palisade Wall x3 |
| 12:21 | Kraken · wall_segment Palisade Wall x7 |
| 13:00 | Kraken · wall_segment Palisade Wall x6 |
| 14:24 | Bidello · wall_segment Palisade Wall x4 |
| 14:36 | Kraken · wall_segment Palisade Wall x11 |
| 15:57 | Bidello · first_building Stable |
| 16:16 | Kraken · wall_segment Palisade Wall x3 |
| 17:28 | Bidello · resign |
[ AI ANALYSIS · 1 CREDIT ]
What really happened in this match?
Wolo.gg analyzes every decision: build order, eco, micro, common mistakes by bracket. Personalized analysis on WhatsApp or Discord in 30 seconds.
Civ guide
Ethiopians
Perfil
Bidello